 Dungeon Crawl Stone Soup version 0.25-a0-448-g1f46b9f714 (webtiles) character file.

Game seed: 9741122773769851985, levelgen mode: deterministic

135 Lugonue the Conjurer (level 4, -2/35 HPs)
             Began as a Draconian Conjurer on Jan 31, 2020.
             Slain by Menkaure (21 damage)
             ... on level 4 of the Dungeon.
             The game lasted 00:08:37 (3535 turns).

Lugonue the Conjurer (Draconian Conjurer)           Turns: 3535, Time: 00:08:38

Health: -2/35      AC:  5    Str: 10    XL:     4   Next: 96%
Magic:  7/7        EV: 13    Int: 15    God:
Gold:   178        SH:  0    Dex: 13    Spells: 3/7 levels left

rFire    . . .     SeeInvis .   e - +0 short sword
rCold    + . .     Gourm    .   (no shield)
rNeg     . . .     Faith    .   (armour unavailable)
rPois    .         Spirit   .   (helmet restricted)
rElec    .         Reflect  .   (no cloak)
rCorr    .         Harm     .   (no gloves)
MR       .....                  (no boots)
Stlth    ++........             (no amulet)
HPRegen  0.11/turn              (no ring)
MPRegen  0.10/turn              (no ring)

@: no status effects
A: unfitting armour, big wings, talons 1, agile 1, cold resistance 1, dopey 1,
cold-blooded, AC +5
a: Fly


You were on level 4 of the Dungeon.
You were not hungry.

You visited 2 branches of the dungeon, and saw 5 of its levels.

You collected 178 gold pieces.

Inventory:

Hand Weapons
 e - a +0 short sword (weapon)
Wands
 n - a wand of enslavement (8)
Scrolls
 a - a scroll of teleportation
 c - a scroll of blinking
 i - 2 scrolls of remove curse
 k - 3 scrolls of identify
 l - a scroll of fog {unknown}
 p - a scroll of amnesia
Potions
 d - 3 potions of curing {unknown}
 f - 2 potions of haste {unknown}
 g - a potion of might {unknown}
 h - a potion of agility {unknown}
 j - 2 potions of brilliance {unknown}
 m - a potion of lignification {unknown}
 o - a potion of ambrosia {unknown}
Comestibles
 b - 6 rations


   Skills:
 + Level 1.2 Fighting
 + Level 2.1 Short Blades
 + Level 2.4 Dodging
 - Level 2.5 Stealth
 + Level 0.1 Unarmed Combat
 + Level 2.2 Spellcasting
 + Level 4.6 Conjurations


You had 3 spell levels left.
You knew the following spells:

 Your Spells              Type           Power        Failure   Level  Hunger
a - Magic Dart            Conj           ###.         3%          1    #......
b - Dazzling Flash        Conj/Hex       #.....       26%         3    ###....

Your spell library contained the following spells:

 Spells                   Type           Power        Failure   Level  Hunger
 Searing Ray              Conj           ###...       4%          2    ###....
 Animate Skeleton         Necr           N/A          22%         1    #......
 Apportation              Tloc           #.....       22%         1    #......
 Corona                   Hex            #......      22%         1    #......
 Summon Small Mammal      Summ           #...         22%         1    #......
 Fulminant Prism          Conj/Hex       #.........   63%         4    #####..
 Iskenderun's Mystic Bla  Conj/Tloc      #.......     63%         4    #####..


Dungeon Overview and Level Annotations

Branches:
Dungeon (4/15)             Temple (1/1) D:4

Altars:
Cheibriados
Dithmenos
Gozag
Okawaru
Qazlal
Uskayaw
Wu Jian
Xom
Zin
The Shining One

Annotations:
D:3 3 runed translucent doors, dotty's ghost, amateur DsBe
D:4 Menkaure


Innate Abilities, Weirdness & Mutations

Your plain brown scales are hard. (AC +5)
You cannot fit into any form of body armour.
You are cold-blooded and may be slowed by cold attacks.
Your large and strong wings let you fly indefinitely.
You have sharp toenails.
You are agile. (Dex +2)
Your flesh is cold resistant. (rC+)
You are dopey. (Int -2)


Message History

Menkaure, Prince of Dust comes into view.
Menkaure shouts!
Firing (i - inventory) No suitable missiles.
Press: ? - help, Shift-Dir - straight line, f - you
Okay, then.
Unknown command.
Menkaure casts a spell at you. Pain shoots through your body!
Menkaure gestures wildly while chanting.
Menkaure seems to speed up.
You hit Menkaure. You claw Menkaure.
Menkaure is moderately damaged.
Menkaure points at you and mumbles some strange words.
Pain shoots through your body!
You hit Menkaure.
You tail-slap Menkaure, but do no damage.
Menkaure is moderately damaged.
Menkaure hits you!!
Ouch! That really hurt!
You die...

.....##..######
#.#...........)... #####
#.#....#....###### #...#
#.$....#....# +...# #......#....#
#...# #......#....# #...#
#......#....# #...# #.M..# #..).#
#..<# #@#+####....# #...#
#.#.........# ####...######
#.#########.# .......##...#
#...........###### ....#..##...#
##########........ ....#.......#
#...####### ...###......#
#.##รทยง....#
............###########.##.[....#
.#.....#.............##.#........


You could see Menkaure.

Vanquished Creatures
  A howler monkey (D:3)
  An adder (D:3)
  2 oozes (D:2)
  3 worms (D:2)
  A dart slug (D:1)
  A leopard gecko (D:1)
  3 orcs (D:4)
  6 giant cockroaches
  6 hobgoblins
  6 jackals
  2 quokkas (D:2)
  3 ball pythons
  7 bats
  3 frilled lizards
  6 goblins
  8 kobolds
  3 rats
62 creatures vanquished.

Notes
Turn   | Place    | Note
-------+----------+-------------------------------------------
     0 | D:1      | Lugonue the Draconian Conjurer began the quest for the Orb.
     0 | D:1      | Reached XP level 1. HP: 14/14 MP: 3/3
   604 | D:1      | Reached XP level 2. HP: 19/22 MP: 0/5
   974 | D:1      | Gained mutation: Your large and strong wings let you fly
                  | indefinitely. [potion of mutation]
   974 | D:1      | Gained mutation: You are agile. (Dex +2) [potion of
                  | mutation]
   974 | D:1      | Gained mutation: You are dopey. (Int -2) [potion of
                  | mutation]
   974 | D:1      | Gained mutation: You evolve. [potion of mutation]
  1435 | D:2      | Reached XP level 3. HP: 27/27 MP: 2/6
  1508 | D:2      | Found a shimmering altar of Xom.
  1513 | D:2      | Gained mutation: You have sharp toenails. [evolution]
  1519 | D:2      | Reached skill level 1 in Short Blades
  1901 | D:2      | Reached skill level 1 in Fighting
  2043 | D:2      | Reached XP level 4. HP: 20/35 MP: 7/7
  2139 | D:3      | Gained mutation: Your flesh is cold resistant. (rC+)
                  | [evolution]
  2263 | D:3      | Learned a level 3 spell: Dazzling Flash
  2332 | D:3      | Found a runed translucent gate.
  2333 | D:3      | Found a runed translucent gate.
  2334 | D:3      | Found a runed translucent gate.
  2336 | D:3      | Noticed dotty's ghost (amateur DsBe)
  2724 | D:4      | Noticed a phantom
  2765 | D:4      | Found a staircase to the Ecumenical Temple.
  2800 | Temple   | Entered the Ecumenical Temple
  3123 | D:4      | Lost mutation: You evolve. [end of evolution]
  3529 | D:4      | Noticed Menkaure
  3535 | D:4      | Slain by Menkaure

Levels and vault maps discovered:
D:1:      psy_arrival_dodecagon, layout_basic, minmay_shallow_snake_nest
D:2:      layout_rooms, brannock_xom_greatest_gift
D:3:      layout_loops_ring, ebering_ghost_rock_garden
D:4:      layout_basic, lemuel_crystal_altar, minmay_temple_entry_tees,
          first_ration, minmay_joined_circles, uniq_eustachio, uniq_menkaure
Temple:   compressed_dpeg_triangle_lava_temple

Skill      XL: |  1  2  3  4 |
---------------+-------------+-----
Stealth        | 2 |  2.5
Short Blades   | 1 2 |  2.1
Fighting       | 1 |  1.2
Dodging        | 2 |  2.4
Unarmed Combat | |  0.1
Spellcasting   | |  2.2
Conjurations   | |  4.6

Action                   |  1- 3 |  4- 6 || total
-------------------------+-------+-------++-------
Melee: Unarmed           |    38 |       ||    38
       Short sword       |    83 |    78 ||   161
       Tailslap          |     8 |    10 ||    18
       Kick              |     8 |    11 ||    19
 Cast: Magic Dart        |    58 |    32 ||    90
       Dazzling Flash    |       |     1 ||     1
Evoke: Wand              |       |     1 ||     1
  Use: Scroll            |     9 |       ||     9
       Potion            |     1 |       ||     1
 Stab: Sleeping          |     6 |     1 ||     7
  Eat: Chunk             |     5 |     2 ||     7
       Ration            |       |     1 ||     1
Armor: Skin              |    38 |    27 ||    65
Dodge: Dodged            |    90 |    68 ||   158

Table legend:
 A = Non-vault XP
 B = Vault XP
 C = Vault XP percentage of total XP
 D = Non-vault monster count
 E = Vault monster count
 F = Vault count percentage of total count
                 A         B        C        D         E       F
            +---------+---------+-------+---------+---------+-------
      Total |     192 |       1 |   0.5 |      61 |       1 |   1.6
            +---------+---------+-------+---------+---------+-------
        D:1 |      39 |       1 |   2.5 |      22 |       1 |   4.3
        D:2 |      59 |       0 |   0.0 |      24 |       0 |   0.0
        D:3 |      85 |       0 |   0.0 |      12 |       0 |   0.0
        D:4 |       9 |       0 |   0.0 |       3 |       0 |   0.0
            +---------+---------+-------+---------+---------+-------
